Map: Ruins of Seras

Players

Keiras - Winner!

  • Race: Zerg Zerg
  • League: Diamond

Sakkyoku

  • Race: Zerg Zerg
  • League: Gold

Event: Lycan League Weekly August #3

VOD

Have the link to the VOD?

Description

Time

  • Played on: Aug. 17, 2015, 12:13 p.m.
  • Length: 8:26
Show
View Real Time Build Order
Export as new Build Order

Keiras Zerg - Winner!

Build Orders: Pool First 

Get SALT Encoding   

  12  0:01  Drone  
  13  0:09  Drone  
  14  0:25  Extractor  
  13  0:31  Spawning Pool  
  13  0:32  Drone  
  13  0:37  Drone  
  14  0:49  Overlord  
  14  1:00  Extractor  
  14  1:01  Drone  
  15  1:19  Zergling x2, Queen  
  15  1:20  Zergling x4  
  20  1:29  Metabolic Boost  
  20  1:39  Overlord  
  20  1:45  Zergling x2  
  21  1:53  Baneling Nest  
  20  1:57  Zergling x2  
  21  2:03  Zergling x2  
  22  2:19  Zergling x2  
  23  2:28  Zergling x4  
  23  2:29  Zergling x4  
  27  2:32  Zergling x2  
  28  2:43  Baneling  
  28  2:44  Baneling  
  28  2:55  Zergling x4  
  26  3:17  Drone x3  
  26  3:18  Drone  
  26  3:19  Baneling  
  29  3:22  Drone  
  30  3:38  Overlord  
  29  4:07  Zergling x6  
  32  4:22  Zergling x6  
  32  4:23  Roach Warren, Baneling  
  32  4:24  Baneling  
  30  5:07  Baneling x6  
  30  5:14  Drone  
  30  5:15  Overlord x3  
  28  5:27  Hatchery  
  25  5:34  Roach  
  25  5:35  Roach x2  
  30  5:45  Roach x4  
  38  6:07  Drone x2  
  38  6:31  Roach x5  
  48  6:42  Queen  
  48  6:43  Drone x2  
  52  6:50  Ravager x3  
  47  7:26  Roach x5  
  54  7:43  Roach  
  56  7:45  Overlord x4  
  56  7:51  Extractor  
Show
View Real Time Build Order
Export as new Build Order

Sakkyoku Zerg 

Build Orders: Hatch First 

Get SALT Encoding   

  12  0:00  Drone  
  13  0:08  Drone  
  14  0:40  Overlord  
  14  0:51  Hatchery, Drone  
  14  1:04  Spawning Pool  
  13  1:06  Extractor  
  13  1:09  Drone  
  13  1:14  Drone  
  13  1:16  Drone  
  15  1:20  Drone  
  16  1:33  Overlord  
  16  1:42  Drone  
  17  1:50  Queen  
  19  2:08  Metabolic Boost  
  19  2:12  Drone  
  21  2:15  Drone  
  21  2:25  Queen  
  23  2:35  Baneling Nest  
  22  2:38  Drone x2  
  22  2:41  Zergling x2  
  25  2:47  Drone  
  26  2:52  Zergling x4  
  26  2:53  Zergling x2  
  26  3:16  Zergling x8  
  16  3:30  Zergling x6  
  16  3:43  Spine Crawler  
  16  3:45  Spine Crawler  
  16  3:46  Drone  
  15  3:51  Baneling  
  15  3:52  Baneling x2  
  15  3:53  Zergling x2  
  16  3:58  Zergling x6  
  19  4:05  Drone  
  18  4:17  Zergling x2  
  18  4:18  Zergling x2  
  20  4:28  Overlord  
  19  4:39  Zergling x6  
  19  4:41  Overlord  
  22  5:04  Spawning Pool  
  20  5:09  Drone x2, Extractor  
  21  5:15  Drone  
  21  5:17  Drone  
  14  5:30  Drone  
  15  5:39  Drone  
  16  5:48  Drone x3  
  17  5:57  Drone x2  
  18  6:10  Zergling x2  
  19  6:20  Queen  
  19  6:23  Zergling x6  
  19  6:25  Zergling x2  
  23  6:27  Zergling x2  
  24  6:37  Zergling x2  
  25  6:45  Zergling x2  
  26  6:55  Drone  
  22  7:17  Zergling x4  
  19  7:32  Zergling x2  
  19  7:33  Zergling x8  
  24  7:44  Zergling x2  

Tags
 
Add a new tag
Caveats
  • Supply blocks, unpowered buildings, or Contaminate may cause inaccurate times.
  • Supply counts are checked every 10 seconds.